Monsters vs Admirals
(R1)
Created - April 30, 2021 at 19:09
Goals
|
Monsters |
2 |
1 |
1 |
4 |
Admirals |
2 |
1 |
3 |
6 |
|
Shots
|
Monsters |
22 |
10 |
5 |
37 |
Admirals |
13 |
15 |
9 |
37 |
|
1st period
1. Admirals , Scott Laughton 56 (Nicolas Kerdiles 57, Josh Morrissey 35) at 5:03 (PP)
2. Admirals , Markus Granlund 33 (Chris Lawrence 50) at 18:28
3. Monsters , Emerson Etem 64 (Dominik Simon 36) at 18:46
4. Monsters , Emerson Etem 65 (Dominik Simon 37, Mitch Marner 29) at 19:17
Penalties :
Timothy Kunes (Cle) for Holding (Minor) at 4:52
2nd period
5. Admirals , Markus Granlund 34 (T.J Brodie 32, Nicolas Deslauriers 26) at 17:32 (SH)
6. Monsters , Andrew Gordon 32 (Emerson Etem 44, Dominik Simon 38) at 17:42 (PP)
Penalties :
Dominik Simon (Cle) for Hooking (Minor) at 2:35, Christian Djoos (Mil) for Butt-ending (Major / Game Misconduct) at 6:15, Travis Dermott (Mil) for Holding (Minor) at 16:49, Emerson Etem (Cle) for Slashing (Minor) at 18:17
3rd period
7. Admirals , Mark McNeill 20 (Anton Gustafsson 34, Mat Clark 43) at 0:51
8. Admirals , Nicolas Deslauriers 20 (Mat Clark 44, Brett Connolly 9) at 3:36
9. Monsters , Maxim Mamin 4 (Bobby Farnham 17) at 12:04
10. Admirals , Anton Gustafsson 33 (Blake Geoffrion 47, Josh Morrissey 36) at 14:04 (PP)
Penalties :
Roman Josi (Cle) for Tripping (Minor) at 1:16, Shea Theodore (Cle) for Diving (Minor) at 4:24, Timothy Kunes (Cle) for Tripping (Minor) at 7:54, Nicolas Kerdiles (Mil) for Tripping (Minor) at 9:52, Timothy Kunes (Cle) for Hooking (Minor) at 12:26, Mat Clark (Mil) for Hooking (Minor) at 15:54
Goalie Stats
Thomas Greiss (Cle), 31 saves from 37 shots - (0.838), L, 22-20-1, 60:00 minutes
Niklas Svedberg (Mil), 33 saves from 37 shots - (0.892), W, 29-10-3, 60:00 minutes
Players Stats for Monsters
Player Name G A P +/- PIM S H SB GA TA FO MP PP MP PK MP
------------------------------------------------------------------------------------
Aaron Ness 0 0 0 0 0 1 0 0 1 0 0/0 10:33 1:50 0:00
Andrew Gordon 1 0 1 -1 0 4 2 1 0 1 0/2 20:34 4:45 6:44
Austin Watson 0 0 0 1 0 1 0 0 0 0 1/1 7:37 0:09 1:28
Beau Starrett 0 0 0 0 0 0 0 0 0 0 0/1 1:52 1:29 0:00
Bobby Farnham 0 1 1 1 0 2 2 0 1 0 0/3 8:07 0:00 2:04
Cameron Hughes 0 0 0 0 0 0 0 0 0 0 0/0 1:34 1:26 0:00
David Kolomatis 0 0 0 1 0 0 1 1 0 1 0/0 13:55 0:00 4:14
Dominik Simon 0 3 3 1 2 2 1 0 0 1 18/32 19:26 3:46 0:35
Emerson Etem 2 1 3 1 2 7 1 0 1 0 7/13 24:42 4:14 5:39
Jared Knight 0 0 0 -2 0 2 2 0 0 0 6/9 13:23 4:00 0:16
Justin Florek 0 0 0 -1 0 2 0 0 2 0 0/0 11:51 0:00 3:28
Matt Calvert 0 0 0 -3 0 1 1 0 0 0 1/3 16:42 4:00 3:12
Maxim Mamin 1 0 1 1 0 1 0 0 0 0 1/3 5:44 0:00 0:00
Mitch Marner 0 1 1 1 0 3 1 0 1 0 1/1 15:36 0:42 0:00
Morgan Rielly 0 0 0 -2 0 1 1 1 0 0 0/0 21:40 4:10 5:14
Ondrej Kase 0 0 0 -1 0 1 1 0 2 2 0/0 11:47 4:00 0:00
Roman Josi 0 0 0 -1 2 3 0 1 1 0 0/0 29:09 5:39 5:43
Ryan Fitzgerald 0 0 0 0 0 2 0 0 0 0 4/6 8:02 0:00 0:00
Shea Theodore 0 0 0 -1 2 1 2 2 0 3 0/0 18:00 3:36 3:26
Timothy Kunes 0 0 0 0 6 3 1 2 2 2 0/0 27:55 5:19 4:49
Players Stats for Admirals
Player Name G A P +/- PIM S H SB GA TA FO MP PP MP PK MP
------------------------------------------------------------------------------------
Andreas Englund 0 0 0 -2 0 0 0 0 0 0 0/0 15:36 0:00 3:45
Anton Gustafsson 1 1 2 0 0 3 7 1 0 1 7/19 19:56 4:48 4:55
Blake Geoffrion 0 1 1 0 0 0 0 0 0 0 0/0 15:30 4:48 0:00
Brett Connolly 0 1 1 1 0 0 0 0 0 0 0/0 5:02 0:00 0:00
Carl Dahlstrom 0 0 0 0 0 0 0 1 0 0 0/0 5:10 0:00 0:00
Chris Lawrence 0 1 1 1 0 2 1 0 2 0 0/0 8:36 0:18 0:00
Christian Djoos 0 0 0 1 15 0 0 1 0 0 0/0 4:35 0:00 0:00
Freddie Hamilton 0 0 0 1 0 0 1 0 0 1 0/3 5:02 0:00 0:00
Hunter Shinkaruk 0 0 0 0 0 0 1 0 1 2 0/0 10:44 1:08 1:06
Joel Armia 0 0 0 -1 0 1 2 0 1 0 0/1 10:50 1:29 0:00
Josh Morrissey 0 2 2 2 0 4 1 2 1 0 0/0 28:09 7:31 5:49
Lucas Wallmark 0 0 0 0 0 0 0 0 0 1 1/3 11:30 4:24 2:04
Mark McNeill 1 0 1 0 0 3 0 0 0 0 0/0 15:30 4:48 0:00
Markus Granlund 2 0 2 1 0 5 2 0 1 1 3/5 11:04 0:06 2:08
Mat Clark 0 2 2 2 2 1 1 3 0 2 0/0 26:49 7:31 4:28
Mattias Backman 0 0 0 0 0 0 0 0 0 0 0/0 5:43 0:00 0:33
Nicolas Deslauriers 1 1 2 2 0 3 0 0 1 1 0/2 9:07 0:00 4:03
Nicolas Kerdiles 0 1 1 -2 2 6 0 2 1 0 3/3 24:25 6:42 3:19
Scott Laughton 1 0 1 -1 0 8 2 1 2 0 21/38 22:51 6:37 2:03
T.J Brodie 0 1 1 1 0 1 0 1 0 0 0/0 14:50 4:12 3:45
Travis Dermott 0 0 0 -2 2 0 2 1 0 2 0/0 16:03 4:12 0:00
Trevor Van Riemsdyk 0 0 0 0 0 0 0 0 0 0 0/0 3:04 0:00 1:18
3 Stars
1 - Markus Granlund (Mil)
2 - Anton Gustafsson (Mil)
3 - Emerson Etem (Cle)
Power Play
Monsters - 1 on 4 Attempt(s) - 25.00%
Admirals - 2 on 7 Attempt(s) - 28.57%
Penalty Kill
Monsters - 5 on 7 Attempt(s) - 71.43%
- Score 0 goal in Penalty Kill
Admirals - 3 on 4 Attempt(s) - 75.00%
- Score 1 goal in Penalty Kill
Team Stat
Monsters - Hits : 16 - Faceoff Wins : 39 - Blocked Shots : 8 - Penalty Minutes : 14
Admirals - Hits : 20 - Faceoff Wins : 35 - Blocked Shots : 13 - Penalty Minutes : 21
Official
Referees : Unknown
Linesman : Unknown
Game Notes
Christian Djoos ejected from game at 6:15 of 2nd period
Joel Armia is injured at 14:35 of 2nd period (Sprained Left Knee)
Finance
Level 1 -- Attendance: 1384 (69.20%) -- Ticket Income $55,360
Level 2 -- Attendance: 699 (69.90%) -- Ticket Income $13,980
Total Attendance: 2083 (69.43%)
Total Ticket Income: $69,340
Other Income: $3,467
Total Income: $72,807
Monsters
5 vs 5 Forward
Center Left Wing Right Wing Time % Phy DF OF
1 Dominik Simon Emerson Etem Mitch Marner 40 1 2 2
2 Jared Knight Matt Calvert Andrew Gordon 30 1 2 2
3 Ryan Fitzgerald Justin Florek Ondrej Kase 20 1 2 2
4 Maxim Mamin Austin Watson Bobby Farnham 10 1 2 2
5 vs 5 Defense
Defense Defense Time % Phy DF OF
1 Roman Josi Timothy Kunes 40 1 2 2
2 Morgan Rielly Shea Theodore 30 1 2 2
3 Aaron Ness David Kolomatis 20 1 2 2
4 Roman Josi Timothy Kunes 10 1 2 2
PowerPlay Forward
Center Left Wing Right Wing Time % Phy DF OF
1 Dominik Simon Emerson Etem Andrew Gordon 60 1 2 2
2 Jared Knight Matt Calvert Ondrej Kase 40 1 2 2
PowerPlay Defense
Defense Defense Time % Phy DF OF
1 Roman Josi Timothy Kunes 60 1 2 2
2 Morgan Rielly Shea Theodore 40 1 2 2
Penalty Kill 4 Players Forward
Center Wing Time % Phy DF OF
1 Emerson Etem Andrew Gordon 60 1 2 2
2 Matt Calvert Justin Florek 40 1 2 2
Penalty Kill 4 Players Defense
Defense Defense Time % Phy DF OF
1 Roman Josi Timothy Kunes 60 1 2 2
2 Morgan Rielly Shea Theodore 40 1 2 2
Penalty Kill - 3 Players Forward
Forward Time % Phy DF OF
1 Emerson Etem 60 1 2 2
2 Andrew Gordon 40 1 2 2
Penalty Kill - 3 Players Defense
Defense Defense Time % Phy DF OF
1 Roman Josi Timothy Kunes 60 1 2 2
2 Morgan Rielly Shea Theodore 40 1 2 2
4 vs 4 Forward
Center Wing Time % Phy DF OF
1 Emerson Etem Andrew Gordon 60 1 2 2
2 Matt Calvert Justin Florek 40 1 2 2
4 vs 4 Defense
Defense Defense Time % Phy DF OF
1 Roman Josi Timothy Kunes 60 1 2 2
2 Morgan Rielly Shea Theodore 40 1 2 2
Last Minutes Offensive
Center Left Wing Right Wing Defense Defense
Dominik Simon Emerson Etem Andrew Gordon Roman Josi Timothy Kunes
Last Minutes Defensive
Center Left Wing Right Wing Defense Defense
Dominik Simon Emerson Etem Andrew Gordon Roman Josi Timothy Kunes
Goaltenders
Starting : Thomas Greiss
Backup : Eric Comrie
Extra Forwards
Normal : Beau Starrett, Cameron Hughes, Bobby Farnham - PP : Beau Starrett, Cameron Hughes - PK : Bobby Farnham
Extra Defensemen
Normal : Aaron Ness, David Kolomatis, Morgan Rielly - PP : Aaron Ness - PK : David Kolomatis, Morgan Rielly
Penalty Shots
Emerson Etem, Andrew Gordon, Matt Calvert, Justin Florek, Dominik Simon
Scratches
Joakim Nordstrom (Healthy), Matt Grzelcyk (Healthy), Dillon Heatherington (Healthy), Francis Perron (Healthy), Richard Nejezchleb (Healthy)
Phoenix Copley (Healthy)
Admirals
5 vs 5 Forward
Center Left Wing Right Wing Time % Phy DF OF
1 Scott Laughton Nicolas Kerdiles Joel Armia 40 1 2 2
2 Anton Gustafsson Blake Geoffrion Mark McNeill 30 1 2 2
3 Markus Granlund Hunter Shinkaruk Chris Lawrence 20 1 2 2
4 Freddie Hamilton Nicolas Deslauriers Brett Connolly 10 1 2 2
5 vs 5 Defense
Defense Defense Time % Phy DF OF
1 Mat Clark Josh Morrissey 40 1 2 2
2 Andreas Englund Travis Dermott 30 1 2 2
3 Christian Djoos T.J Brodie 20 1 2 2
4 Carl Dahlstrom Mattias Backman 10 1 2 2
PowerPlay Forward
Center Left Wing Right Wing Time % Phy DF OF
1 Scott Laughton Nicolas Kerdiles Joel Armia 60 1 2 2
2 Anton Gustafsson Blake Geoffrion Mark McNeill 40 1 2 2
PowerPlay Defense
Defense Defense Time % Phy DF OF
1 Mat Clark Josh Morrissey 60 1 2 2
2 T.J Brodie Travis Dermott 40 1 2 2
Penalty Kill 4 Players Forward
Center Wing Time % Phy DF OF
1 Anton Gustafsson Nicolas Kerdiles 60 1 2 2
2 Markus Granlund Nicolas Deslauriers 40 1 2 2
Penalty Kill 4 Players Defense
Defense Defense Time % Phy DF OF
1 Mat Clark Josh Morrissey 60 1 2 2
2 Andreas Englund T.J Brodie 40 1 2 2
Penalty Kill - 3 Players Forward
Forward Time % Phy DF OF
1 Anton Gustafsson 60 1 2 2
2 Mark McNeill 40 1 2 2
Penalty Kill - 3 Players Defense
Defense Defense Time % Phy DF OF
1 Mat Clark Josh Morrissey 60 1 2 2
2 Andreas Englund T.J Brodie 40 1 2 2
4 vs 4 Forward
Center Wing Time % Phy DF OF
1 Scott Laughton Nicolas Kerdiles 60 1 2 2
2 Markus Granlund Joel Armia 40 1 2 2
4 vs 4 Defense
Defense Defense Time % Phy DF OF
1 Mat Clark Josh Morrissey 60 1 2 2
2 T.J Brodie Travis Dermott 40 1 2 2
Last Minutes Offensive
Center Left Wing Right Wing Defense Defense
Scott Laughton Nicolas Kerdiles Joel Armia Mat Clark Josh Morrissey
Last Minutes Defensive
Center Left Wing Right Wing Defense Defense
Markus Granlund Nicolas Deslauriers Mark McNeill Andreas Englund Josh Morrissey
Goaltenders
Starting : Niklas Svedberg
Backup : Tristan Jarry
Extra Forwards
Normal : Lucas Wallmark, Markus Granlund, Mark McNeill - PP : Lucas Wallmark, Hunter Shinkaruk - PK : Lucas Wallmark
Extra Defensemen
Normal : Trevor Van Riemsdyk, Josh Morrissey, Mattias Backman - PP : Trevor Van Riemsdyk - PK : Trevor Van Riemsdyk, Mattias Backman
Penalty Shots
Markus Granlund, Scott Laughton, Blake Geoffrion, Anton Gustafsson, Joel Armia
Scratches
Ryan Olsen (Healthy), Adam Almquist (Healthy), Sergei Zborovskiy (Healthy), Filip Chlapik (Healthy), Stanislav Galiev (Healthy)
Mark MacMillan (Healthy), Troy Bourke (Healthy), Alexandre Mallet (Healthy), Riley Barber (Healthy), Josh Wesley (Healthy)
Linus Ullmark (Healthy), Felix Sanstrom (Healthy)
% Time on Ice - Monsters
Lines # - Real PCT - Wanted PCT - Time Play
Normal Forward
1 - 39% - 40% - 15:07
2 - 25% - 30% - 9:34
3 - 21% - 20% - 8:02
4 - 15% - 10% - 5:44
Normal Defense
1 - 41% - 40% - 15:56
2 - 31% - 30% - 11:46
3 - 23% - 20% - 8:54
4 - 5% - 10% - 1:51
PP Forward
1 - 54% - 60% - 5:16
2 - 46% - 40% - 4:33
PP Defense
1 - 63% - 60% - 6:13
2 - 37% - 40% - 3:36
PK Forward
1 - 73% - 60% - 8:31
2 - 27% - 40% - 3:12
PK Defense
1 - 61% - 60% - 7:10
2 - 39% - 40% - 4:33
PK3 Forward
1 - 0% - 60%
2 - 0% - 40%
PK3 Defense
1 - 0% - 60%
2 - 0% - 40%
44 Forward
1 - 100% - 60% - 0:01
2 - 0% - 40% - 0:00
44 Defense
1 - 100% - 60% - 0:01
2 - 0% - 40% - 0:00
Last Minute Offensive - 0:00
Last Minute Defensive - 0:00
Total
Forward - 60:00
Defense - 60:00
|
% Time on Ice - Admirals
Lines # - Real PCT - Wanted PCT - Time Play
Normal Forward
1 - 37% - 40% - 14:24
2 - 28% - 30% - 10:44
3 - 22% - 20% - 8:17
4 - 13% - 10% - 5:02
Normal Defense
1 - 38% - 40% - 14:48
2 - 32% - 30% - 12:07
3 - 17% - 20% - 6:22
4 - 13% - 10% - 5:10
PP Forward
1 - 59% - 60% - 6:55
2 - 41% - 40% - 4:48
PP Defense
1 - 64% - 60% - 7:31
2 - 36% - 40% - 4:12
PK Forward
1 - 80% - 60% - 7:52
2 - 20% - 40% - 1:57
PK Defense
1 - 62% - 60% - 6:04
2 - 38% - 40% - 3:45
PK3 Forward
1 - 0% - 60%
2 - 0% - 40%
PK3 Defense
1 - 0% - 60%
2 - 0% - 40%
44 Forward
1 - 100% - 60% - 0:01
2 - 0% - 40% - 0:00
44 Defense
1 - 100% - 60% - 0:01
2 - 0% - 40% - 0:00
Last Minute Offensive - 0:00
Last Minute Defensive - 0:00
Total
Forward - 60:00
Defense - 60:00
|
Play-by-Play
1st period
0:01 of 1st period - Scott Laughton wins face-off versus Dominik Simon in neutral zone.
0:06 of 1st period - Snap shot by Scott Laughton.
0:06 of 1st period - Shot Misses the Net.
0:08 of 1st period - Wrist shot by Scott Laughton.
0:08 of 1st period - Shot Misses the Net.
0:10 of 1st period - Snap shot by Mat Clark.
0:10 of 1st period - Shot Misses the Net.
0:12 of 1st period - Snap shot by Scott Laughton.
0:12 of 1st period - Stopped by Thomas Greiss with a rebound.
0:14 of 1st period - Slapshot by Nicolas Kerdiles.
0:14 of 1st period - Shot Blocked by Roman Josi.
0:55 of 1st period - Snap shot by Markus Granlund.
0:55 of 1st period - Stopped by Thomas Greiss with a rebound.
0:57 of 1st period - Wrist shot by Chris Lawrence.
0:57 of 1st period - Stopped by Thomas Greiss with a rebound.
1:13 of 1st period - Snap shot by Bobby Farnham.
1:13 of 1st period - Stopped by Niklas Svedberg without a rebound.
1:14 of 1st period - Scott Laughton wins face-off versus Maxim Mamin in Admirals zone.
1:44 of 1st period - Wrist shot by Anton Gustafsson.
1:44 of 1st period - Shot Misses the Net.
2:20 of 1st period - Slapshot by T.J Brodie.
2:20 of 1st period - Shot Blocked by David Kolomatis.
2:38 of 1st period - Off-side.
2:39 of 1st period - Scott Laughton wins face-off versus Maxim Mamin in neutral zone.
2:42 of 1st period - Wrist shot by Joel Armia.
2:42 of 1st period - Stopped by Thomas Greiss with a rebound.
2:50 of 1st period - Snap shot by Bobby Farnham.
2:50 of 1st period - Shot Misses the Net.
2:52 of 1st period - Slapshot by Roman Josi.
2:52 of 1st period - Stopped by Niklas Svedberg with a rebound.
2:54 of 1st period - Snap shot by Bobby Farnham.
2:54 of 1st period - Stopped by Niklas Svedberg without a rebound.
2:55 of 1st period - Anton Gustafsson wins face-off versus Dominik Simon in Admirals zone.
3:02 of 1st period - Snap shot by Emerson Etem.
3:02 of 1st period - Stopped by Niklas Svedberg without a rebound.
3:03 of 1st period - Anton Gustafsson wins face-off versus Dominik Simon in Admirals zone.
3:30 of 1st period - Backhand shot by Nicolas Kerdiles.
3:30 of 1st period - Stopped by Thomas Greiss without a rebound.
3:31 of 1st period - Scott Laughton wins face-off versus Jared Knight in Monsters zone.
3:32 of 1st period - Wrist shot by Joel Armia.
3:32 of 1st period - Shot Blocked by Andrew Gordon.
3:51 of 1st period - Off-side.
3:52 of 1st period - Emerson Etem wins face-off versus Anton Gustafsson in neutral zone.
4:52 of 1st period - Minor Penalty to Timothy Kunes for Holding.
4:53 of 1st period - Emerson Etem wins face-off versus Scott Laughton in Monsters zone.
4:53 of 1st period - Emerson Etem is hit by Scott Laughton.
5:03 of 1st period - Wrist shot by Scott Laughton.
5:03 of 1st period - Goal by Scott Laughton - Monsters : 0 - Admirals : 1.
5:04 of 1st period - Dominik Simon wins face-off versus Scott Laughton in neutral zone.
5:17 of 1st period - Slapshot by Mitch Marner.
5:17 of 1st period - Shot Misses the Net.
5:29 of 1st period - Josh Morrissey is hit by Andrew Gordon and loses puck.
5:52 of 1st period - Wrist shot by Scott Laughton.
5:52 of 1st period - Stopped by Thomas Greiss without a rebound.
5:53 of 1st period - Ryan Fitzgerald wins face-off versus Anton Gustafsson in Monsters zone.
6:18 of 1st period - Emerson Etem is hit by Travis Dermott and loses puck.
6:25 of 1st period - Slapshot by David Kolomatis.
6:25 of 1st period - Shot Misses the Net.
6:27 of 1st period - Wrist shot by Dominik Simon.
6:27 of 1st period - Stopped by Niklas Svedberg without a rebound.
6:28 of 1st period - Anton Gustafsson wins face-off versus Jared Knight in Admirals zone.
7:42 of 1st period - Andreas Englund is hit by Bobby Farnham and loses puck.
7:51 of 1st period - Slapshot by Shea Theodore.
7:51 of 1st period - Shot Misses the Net.
9:14 of 1st period - Ryan Fitzgerald is hit by Josh Morrissey and loses puck.
9:25 of 1st period - Snap shot by Emerson Etem.
9:25 of 1st period - Stopped by Niklas Svedberg without a rebound.
9:26 of 1st period - Dominik Simon wins face-off versus Anton Gustafsson in Admirals zone.
10:16 of 1st period - Ryan Fitzgerald is hit by Chris Lawrence and loses puck.
10:25 of 1st period - Wrist shot by Chris Lawrence.
10:25 of 1st period - Deflect By Markus Granlund.
10:25 of 1st period - Shot Misses the Net.
10:25 of 1st period - Puck is out of play.
10:26 of 1st period - Dominik Simon wins face-off versus Anton Gustafsson in Monsters zone.
10:56 of 1st period - Wrist shot by Matt Calvert.
10:56 of 1st period - Shot Blocked by Scott Laughton.
12:19 of 1st period - Slapshot by Timothy Kunes.
12:19 of 1st period - Stopped by Niklas Svedberg with a rebound.
12:21 of 1st period - Slapshot by Roman Josi.
12:21 of 1st period - Shot Blocked by Nicolas Kerdiles.
12:23 of 1st period - Wrist shot by Andrew Gordon.
12:23 of 1st period - Shot Misses the Net.
12:41 of 1st period - Slapshot by Chris Lawrence.
12:41 of 1st period - Stopped by Thomas Greiss with a rebound.
12:43 of 1st period - Backhand shot by Mat Clark.
12:43 of 1st period - Stopped by Thomas Greiss without a rebound.
12:44 of 1st period - Emerson Etem wins face-off versus Anton Gustafsson in Monsters zone.
13:09 of 1st period - Jared Knight is hit by Joel Armia and loses puck.
13:35 of 1st period - Slapshot by Timothy Kunes.
13:35 of 1st period - Deflect By Markus Granlund.
13:35 of 1st period - Stopped by Niklas Svedberg with a rebound.
13:37 of 1st period - Slapshot by Roman Josi.
13:37 of 1st period - Stopped by Niklas Svedberg without a rebound.
13:38 of 1st period - Dominik Simon wins face-off versus Scott Laughton in Admirals zone.
13:39 of 1st period - Wrist shot by Emerson Etem.
13:39 of 1st period - Stopped by Niklas Svedberg without a rebound.
13:40 of 1st period - Dominik Simon wins face-off versus Scott Laughton in Admirals zone.
13:45 of 1st period - Snap shot by Mitch Marner.
13:45 of 1st period - Stopped by Niklas Svedberg without a rebound.
13:46 of 1st period - Scott Laughton wins face-off versus Dominik Simon in Admirals zone.
14:16 of 1st period - Icing by Matt Calvert.
14:17 of 1st period - Anton Gustafsson wins face-off versus Jared Knight in Monsters zone.
14:18 of 1st period - Wrist shot by Blake Geoffrion.
14:18 of 1st period - Shot Misses the Net.
14:34 of 1st period - Wrist shot by Andrew Gordon.
14:34 of 1st period - Shot Misses the Net.
14:36 of 1st period - Snap shot by Andrew Gordon.
14:36 of 1st period - Shot Misses the Net.
14:38 of 1st period - Slapshot by Roman Josi.
14:38 of 1st period - Shot Misses the Net.
14:40 of 1st period - Slapshot by Timothy Kunes.
14:40 of 1st period - Shot Blocked by Anton Gustafsson.
14:42 of 1st period - Snap shot by Matt Calvert.
14:42 of 1st period - Shot Misses the Net.
14:44 of 1st period - Slapshot by Jared Knight.
14:44 of 1st period - Stopped by Niklas Svedberg without a rebound.
14:45 of 1st period - Dominik Simon wins face-off versus Scott Laughton in Admirals zone.
15:16 of 1st period - Off-side.
15:17 of 1st period - Austin Watson wins face-off versus Markus Granlund in neutral zone.
15:32 of 1st period - Wrist shot by Maxim Mamin.
15:32 of 1st period - Shot Misses the Net.
15:50 of 1st period - Wrist shot by Nicolas Kerdiles.
15:50 of 1st period - Stopped by Thomas Greiss with a rebound.
15:52 of 1st period - Backhand shot by Scott Laughton.
15:52 of 1st period - Stopped by Thomas Greiss with a rebound.
16:12 of 1st period - Wrist shot by Roman Josi.
16:12 of 1st period - Shot Misses the Net.
16:26 of 1st period - Wrist shot by Ondrej Kase.
16:26 of 1st period - Stopped by Niklas Svedberg without a rebound.
16:27 of 1st period - Dominik Simon wins face-off versus Freddie Hamilton in Admirals zone.
16:36 of 1st period - Slapshot by Emerson Etem.
16:36 of 1st period - Stopped by Niklas Svedberg with a rebound.
16:38 of 1st period - Snap shot by Emerson Etem.
16:38 of 1st period - Stopped by Niklas Svedberg with a rebound.
16:40 of 1st period - Wrist shot by Morgan Rielly.
16:40 of 1st period - Stopped by Niklas Svedberg with a rebound.
16:49 of 1st period - Icing by T.J Brodie.
16:50 of 1st period - Jared Knight wins face-off versus Freddie Hamilton in Admirals zone.
16:51 of 1st period - Snap shot by Andrew Gordon.
16:51 of 1st period - Stopped by Niklas Svedberg without a rebound.
16:52 of 1st period - Scott Laughton wins face-off versus Andrew Gordon in Admirals zone.
16:58 of 1st period - Off-side.
16:59 of 1st period - Jared Knight wins face-off versus Scott Laughton in neutral zone.
17:12 of 1st period - Slapshot by Jared Knight.
17:12 of 1st period - Shot Misses the Net.
17:24 of 1st period - Wrist shot by Blake Geoffrion.
17:24 of 1st period - Deflect By Anton Gustafsson.
17:24 of 1st period - Stopped by Thomas Greiss with a rebound.
17:48 of 1st period - Wrist shot by Justin Florek.
17:48 of 1st period - Stopped by Niklas Svedberg with a rebound.
17:50 of 1st period - Snap shot by Justin Florek.
17:50 of 1st period - Shot Misses the Net.
17:52 of 1st period - Wrist shot by Ryan Fitzgerald.
17:52 of 1st period - Stopped by Niklas Svedberg without a rebound.
17:53 of 1st period - Scott Laughton wins face-off versus Dominik Simon in Admirals zone.
18:28 of 1st period - Snap shot by Markus Granlund.
18:28 of 1st period - Goal by Markus Granlund - Monsters : 0 - Admirals : 2.
18:29 of 1st period - Jared Knight wins face-off versus Scott Laughton in neutral zone.
18:42 of 1st period - Wrist shot by Matt Calvert.
18:42 of 1st period - Shot Hit the Post.
18:44 of 1st period - Snap shot by Matt Calvert.
18:44 of 1st period - Stopped by Niklas Svedberg without a rebound.
18:45 of 1st period - Dominik Simon wins face-off versus Anton Gustafsson in Admirals zone.
18:46 of 1st period - Snap shot by Emerson Etem.
18:46 of 1st period - Goal by Emerson Etem - Monsters : 1 - Admirals : 2.
18:47 of 1st period - Dominik Simon wins face-off versus Scott Laughton in neutral zone.
18:54 of 1st period - Slapshot by Roman Josi.
18:54 of 1st period - Deflect By Dominik Simon.
18:54 of 1st period - Shot Misses the Net.
18:54 of 1st period - Puck is out of play.
18:55 of 1st period - Dominik Simon wins face-off versus Scott Laughton in Admirals zone.
19:17 of 1st period - Snap shot by Emerson Etem.
19:17 of 1st period - Goal by Emerson Etem - Monsters : 2 - Admirals : 2.
19:18 of 1st period - Dominik Simon wins face-off versus Anton Gustafsson in neutral zone.
19:31 of 1st period - Josh Morrissey is hit by Dominik Simon and loses puck.
19:44 of 1st period - Mat Clark is hit by Ondrej Kase and loses puck.
Goals for this period are 2 for Monsters vs 2 for Admirals.
Shots for this period are 22 for Monsters vs 13 for Admirals.
2nd period
0:01 of 2nd period - Dominik Simon wins face-off versus Anton Gustafsson in neutral zone.
0:06 of 2nd period - Backhand shot by Emerson Etem.
0:06 of 2nd period - Shot Blocked by Mat Clark.
0:48 of 2nd period - Wrist shot by Anton Gustafsson.
0:48 of 2nd period - Deflect By Mark McNeill.
0:48 of 2nd period - Stopped by Thomas Greiss with a rebound.
0:50 of 2nd period - Slapshot by Josh Morrissey.
0:50 of 2nd period - Shot Misses the Net.
0:52 of 2nd period - Snap shot by Josh Morrissey.
0:52 of 2nd period - Shot Blocked by Shea Theodore.
0:54 of 2nd period - Slapshot by Josh Morrissey.
0:54 of 2nd period - Stopped by Thomas Greiss with a rebound.
0:56 of 2nd period - Slapshot by Mat Clark.
0:56 of 2nd period - Shot Misses the Net.
0:58 of 2nd period - Wrist shot by Mark McNeill.
0:58 of 2nd period - Stopped by Thomas Greiss with a rebound.
1:00 of 2nd period - Slapshot by Mat Clark.
1:00 of 2nd period - Shot Blocked by Shea Theodore.
1:02 of 2nd period - Wrist shot by Josh Morrissey.
1:02 of 2nd period - Deflect By Shea Theodore.
1:02 of 2nd period - Stopped by Thomas Greiss with a rebound.
1:28 of 2nd period - Slapshot by Blake Geoffrion.
1:28 of 2nd period - Shot Misses the Net.
1:30 of 2nd period - Wrist shot by Mark McNeill.
1:30 of 2nd period - Deflect By Blake Geoffrion.
1:30 of 2nd period - Shot Misses the Net.
1:30 of 2nd period - Puck is out of play.
1:31 of 2nd period - Scott Laughton wins face-off versus Dominik Simon in Monsters zone.
1:42 of 2nd period - Snap shot by Scott Laughton.
1:42 of 2nd period - Stopped by Thomas Greiss with a rebound.
1:58 of 2nd period - Snap shot by Chris Lawrence.
1:58 of 2nd period - Shot Misses the Net.
2:24 of 2nd period - Slapshot by Matt Calvert.
2:24 of 2nd period - Shot Blocked by Christian Djoos.
2:26 of 2nd period - Slapshot by Timothy Kunes.
2:26 of 2nd period - Stopped by Niklas Svedberg without a rebound.
2:27 of 2nd period - Dominik Simon wins face-off versus Joel Armia in Admirals zone.
2:32 of 2nd period - Wrist shot by Mitch Marner.
2:32 of 2nd period - Stopped by Niklas Svedberg with a rebound.
2:34 of 2nd period - Wrist shot by Dominik Simon.
2:34 of 2nd period - Stopped by Niklas Svedberg with a rebound.
2:35 of 2nd period - Minor Penalty to Dominik Simon for Hooking.
2:36 of 2nd period - Emerson Etem wins face-off versus Scott Laughton in Monsters zone.
2:45 of 2nd period - Slapshot by Josh Morrissey.
2:45 of 2nd period - Deflect By Joel Armia.
2:45 of 2nd period - Shot Misses the Net.
2:45 of 2nd period - Puck is out of play.
2:46 of 2nd period - Emerson Etem wins face-off versus Scott Laughton in Monsters zone.
2:55 of 2nd period - Snap shot by Nicolas Kerdiles.
2:55 of 2nd period - Shot Misses the Net.
2:57 of 2nd period - Slapshot by Mat Clark.
2:57 of 2nd period - Shot Blocked by Timothy Kunes.
2:59 of 2nd period - Slapshot by Josh Morrissey.
2:59 of 2nd period - Stopped by Thomas Greiss with a rebound.
3:19 of 2nd period - Snap shot by Nicolas Kerdiles.
3:19 of 2nd period - Deflect By Scott Laughton.
3:19 of 2nd period - Shot Blocked by Timothy Kunes.
3:19 of 2nd period - Puck is out of play.
3:20 of 2nd period - Anton Gustafsson wins face-off versus Emerson Etem in Monsters zone.
4:35 of 2nd period - Penalty to Dominik Simon is over, Dominik Simon is back on ice.
4:38 of 2nd period - Dominik Simon is hit by Hunter Shinkaruk and loses puck.
4:49 of 2nd period - Backhand shot by Shea Theodore.
4:49 of 2nd period - Stopped by Niklas Svedberg without a rebound.
4:50 of 2nd period - Ryan Fitzgerald wins face-off versus Freddie Hamilton in Admirals zone.
5:28 of 2nd period - Slapshot by Josh Morrissey.
5:28 of 2nd period - Deflect By Austin Watson.
5:28 of 2nd period - Stopped by Thomas Greiss with a rebound.
5:42 of 2nd period - Austin Watson is hit by Scott Laughton and loses puck.
6:15 of 2nd period - Major / Game Misconduct Penalty to Christian Djoos for Butt-ending.
6:15 of 2nd period - Christian Djoos is ejected from game.
6:16 of 2nd period - Dominik Simon wins face-off versus Anton Gustafsson in Admirals zone.
6:23 of 2nd period - Snap shot by Emerson Etem.
6:23 of 2nd period - Shot Blocked by Josh Morrissey.
6:25 of 2nd period - Slapshot by Roman Josi.
6:25 of 2nd period - Shot Blocked by Nicolas Kerdiles.
6:31 of 2nd period - Wrist shot by Andrew Gordon.
6:31 of 2nd period - Stopped by Niklas Svedberg with a rebound.
6:55 of 2nd period - Icing by Shea Theodore.
6:56 of 2nd period - Markus Granlund wins face-off versus Matt Calvert in Monsters zone.
7:03 of 2nd period - Snap shot by Markus Granlund.
7:03 of 2nd period - Stopped by Thomas Greiss with a rebound.
7:05 of 2nd period - Slapshot by T.J Brodie.
7:05 of 2nd period - Deflect By Emerson Etem.
7:05 of 2nd period - Stopped by Thomas Greiss with a rebound.
7:07 of 2nd period - Wrist shot by Nicolas Deslauriers.
7:07 of 2nd period - Stopped by Thomas Greiss without a rebound.
7:08 of 2nd period - Nicolas Kerdiles wins face-off versus Dominik Simon in Monsters zone.
7:37 of 2nd period - Snap shot by Roman Josi.
7:37 of 2nd period - Stopped by Niklas Svedberg with a rebound.
9:16 of 2nd period - Josh Morrissey is hit by Shea Theodore and loses puck.
9:21 of 2nd period - Snap shot by Aaron Ness.
9:21 of 2nd period - Stopped by Niklas Svedberg without a rebound.
9:22 of 2nd period - Anton Gustafsson wins face-off versus Beau Starrett in Admirals zone.
9:22 of 2nd period - Anton Gustafsson is hit by Morgan Rielly.
9:38 of 2nd period - Mitch Marner is hit by Anton Gustafsson and loses puck.
9:49 of 2nd period - Slapshot by Ondrej Kase.
9:49 of 2nd period - Shot Blocked by T.J Brodie.
11:15 of 2nd period - Penalty to Christian Djoos is over, Chris Lawrence is send on ice.
11:53 of 2nd period - Wrist shot by Ryan Fitzgerald.
11:53 of 2nd period - Stopped by Niklas Svedberg without a rebound.
11:54 of 2nd period - Maxim Mamin wins face-off versus Scott Laughton in Admirals zone.
11:55 of 2nd period - Slapshot by Shea Theodore.
11:55 of 2nd period - Shot Blocked by Travis Dermott.
11:57 of 2nd period - Backhand shot by Bobby Farnham.
11:57 of 2nd period - Shot Misses the Net.
12:09 of 2nd period - Snap shot by Austin Watson.
12:09 of 2nd period - Stopped by Niklas Svedberg with a rebound.
12:30 of 2nd period - Roman Josi is hit by Anton Gustafsson and loses puck.
13:06 of 2nd period - Timothy Kunes is hit by Joel Armia and loses puck.
13:11 of 2nd period - Snap shot by Scott Laughton.
13:11 of 2nd period - Stopped by Thomas Greiss with a rebound.
13:13 of 2nd period - Snap shot by Scott Laughton.
13:13 of 2nd period - Shot Misses the Net.
13:58 of 2nd period - Morgan Rielly is hit by Markus Granlund.
14:07 of 2nd period - Off-side.
14:08 of 2nd period - Jared Knight wins face-off versus Anton Gustafsson in neutral zone.
14:08 of 2nd period - Jared Knight is hit by Anton Gustafsson.
14:34 of 2nd period - Joel Armia is hit by Emerson Etem and loses puck.
14:35 of 2nd period - Joel Armia from Admirals is injured at 14:35 of 2nd period (Sprained Left Knee).
14:36 of 2nd period - Dominik Simon wins face-off versus Scott Laughton in Admirals zone.
15:01 of 2nd period - Jared Knight is hit by Anton Gustafsson.
15:38 of 2nd period - Austin Watson is hit by Markus Granlund and loses puck.
15:51 of 2nd period - Snap shot by Nicolas Kerdiles.
15:51 of 2nd period - Stopped by Thomas Greiss with a rebound.
15:59 of 2nd period - Snap shot by Nicolas Kerdiles.
15:59 of 2nd period - Stopped by Thomas Greiss with a rebound.
16:39 of 2nd period - Ondrej Kase is hit by Anton Gustafsson and loses puck.
16:49 of 2nd period - Minor Penalty to Travis Dermott for Holding.
16:50 of 2nd period - Anton Gustafsson wins face-off versus Dominik Simon in Admirals zone.
17:32 of 2nd period - Wrist shot by Markus Granlund.
17:32 of 2nd period - Goal by Markus Granlund - Monsters : 2 - Admirals : 3.
17:33 of 2nd period - Dominik Simon wins face-off versus Anton Gustafsson in neutral zone.
17:42 of 2nd period - Snap shot by Andrew Gordon.
17:42 of 2nd period - Goal by Andrew Gordon - Monsters : 3 - Admirals : 3.
17:43 of 2nd period - Mitch Marner wins face-off versus Scott Laughton in neutral zone.
17:46 of 2nd period - Snap shot by Timothy Kunes.
17:46 of 2nd period - Shot Blocked by Mat Clark.
17:52 of 2nd period - Wrist shot by Scott Laughton.
17:52 of 2nd period - Stopped by Thomas Greiss without a rebound.
17:53 of 2nd period - Scott Laughton wins face-off versus Dominik Simon in Monsters zone.
18:17 of 2nd period - Minor Penalty to Emerson Etem for Slashing.
18:18 of 2nd period - Lucas Wallmark wins face-off versus Bobby Farnham in Monsters zone.
19:50 of 2nd period - Mat Clark is hit by Shea Theodore and loses puck.
Goals for this period are 1 for Monsters vs 1 for Admirals.
Shots for this period are 10 for Monsters vs 15 for Admirals.
3rd period
0:01 of 3rd period - Nicolas Kerdiles wins face-off versus Bobby Farnham in neutral zone.
0:08 of 3rd period - Slapshot by Andrew Gordon.
0:08 of 3rd period - Stopped by Niklas Svedberg without a rebound.
0:09 of 3rd period - Scott Laughton wins face-off versus Bobby Farnham in Admirals zone.
0:17 of 3rd period - Penalty to Emerson Etem is over, Emerson Etem is back on ice.
0:44 of 3rd period - Mat Clark is hit by Jared Knight and loses puck.
0:49 of 3rd period - Snap shot by Anton Gustafsson.
0:49 of 3rd period - Shot Misses the Net.
0:51 of 3rd period - Snap shot by Mark McNeill.
0:51 of 3rd period - Goal by Mark McNeill - Monsters : 3 - Admirals : 4.
0:52 of 3rd period - Dominik Simon wins face-off versus Scott Laughton in neutral zone.
0:55 of 3rd period - Emerson Etem is hit by Travis Dermott and loses puck.
1:16 of 3rd period - Minor Penalty to Roman Josi for Tripping.
1:17 of 3rd period - Scott Laughton wins face-off versus Emerson Etem in Monsters zone.
1:22 of 3rd period - Snap shot by Nicolas Kerdiles.
1:22 of 3rd period - Stopped by Thomas Greiss without a rebound.
1:23 of 3rd period - Scott Laughton wins face-off versus Emerson Etem in Monsters zone.
1:28 of 3rd period - Snap shot by Scott Laughton.
1:28 of 3rd period - Stopped by Thomas Greiss without a rebound.
1:29 of 3rd period - Emerson Etem wins face-off versus Scott Laughton in Monsters zone.
2:44 of 3rd period - Hunter Shinkaruk is hit by Timothy Kunes and loses puck.
3:16 of 3rd period - Penalty to Roman Josi is over, Roman Josi is back on ice.
3:17 of 3rd period - Justin Florek is hit by Anton Gustafsson and loses puck.
3:32 of 3rd period - Wrist shot by Nicolas Deslauriers.
3:32 of 3rd period - Shot Misses the Net.
3:34 of 3rd period - Slapshot by Mat Clark.
3:34 of 3rd period - Shot Blocked by Morgan Rielly.
3:36 of 3rd period - Snap shot by Nicolas Deslauriers.
3:36 of 3rd period - Goal by Nicolas Deslauriers - Monsters : 3 - Admirals : 5.
3:37 of 3rd period - Scott Laughton wins face-off versus Dominik Simon in neutral zone.
4:24 of 3rd period - Minor Penalty to Shea Theodore for Diving.
4:25 of 3rd period - Scott Laughton wins face-off versus Andrew Gordon in Monsters zone.
4:51 of 3rd period - Emerson Etem is hit by Anton Gustafsson and loses puck.
6:14 of 3rd period - Snap shot by Lucas Wallmark.
6:14 of 3rd period - Shot Misses the Net.
6:24 of 3rd period - Penalty to Shea Theodore is over, Shea Theodore is back on ice.
6:52 of 3rd period - Snap shot by Markus Granlund.
6:52 of 3rd period - Shot Misses the Net.
7:02 of 3rd period - Blake Geoffrion is hit by Mitch Marner and loses puck.
7:32 of 3rd period - Off-side.
7:33 of 3rd period - Markus Granlund wins face-off versus Ryan Fitzgerald in neutral zone.
7:35 of 3rd period - Off-side.
7:36 of 3rd period - Ryan Fitzgerald wins face-off versus Markus Granlund in neutral zone.
7:45 of 3rd period - Wrist shot by Markus Granlund.
7:45 of 3rd period - Shot Hit the Post.
7:47 of 3rd period - Wrist shot by Markus Granlund.
7:47 of 3rd period - Stopped by Thomas Greiss without a rebound.
7:48 of 3rd period - Scott Laughton wins face-off versus Dominik Simon in Monsters zone.
7:54 of 3rd period - Minor Penalty to Timothy Kunes for Tripping.
7:55 of 3rd period - Scott Laughton wins face-off versus Emerson Etem in Monsters zone.
8:00 of 3rd period - Icing by Lucas Wallmark.
8:01 of 3rd period - Scott Laughton wins face-off versus Emerson Etem in Admirals zone.
8:01 of 3rd period - Scott Laughton is hit by Andrew Gordon.
8:35 of 3rd period - Snap shot by Anton Gustafsson.
8:35 of 3rd period - Stopped by Thomas Greiss without a rebound.
8:36 of 3rd period - Scott Laughton wins face-off versus Matt Calvert in Monsters zone.
9:52 of 3rd period - Minor Penalty to Nicolas Kerdiles for Tripping.
9:53 of 3rd period - Scott Laughton wins face-off versus Emerson Etem in Admirals zone.
9:54 of 3rd period - Penalty to Timothy Kunes is over, Timothy Kunes is back on ice.
11:28 of 3rd period - Hunter Shinkaruk is hit by Matt Calvert and loses puck.
11:52 of 3rd period - Penalty to Nicolas Kerdiles is over, Nicolas Kerdiles is back on ice.
11:59 of 3rd period - Nicolas Kerdiles is hit by Bobby Farnham and loses puck.
12:04 of 3rd period - Snap shot by Maxim Mamin.
12:04 of 3rd period - Goal by Maxim Mamin - Monsters : 4 - Admirals : 5.
12:05 of 3rd period - Scott Laughton wins face-off versus Dominik Simon in neutral zone.
12:26 of 3rd period - Minor Penalty to Timothy Kunes for Hooking.
12:27 of 3rd period - Emerson Etem wins face-off versus Scott Laughton in Monsters zone.
12:40 of 3rd period - Roman Josi is hit by Mat Clark and loses puck.
13:01 of 3rd period - Snap shot by Matt Calvert.
13:01 of 3rd period - Deflect By Justin Florek.
13:01 of 3rd period - Stopped by Niklas Svedberg without a rebound.
13:02 of 3rd period - Matt Calvert wins face-off versus Anton Gustafsson in Admirals zone.
14:04 of 3rd period - Wrist shot by Anton Gustafsson.
14:04 of 3rd period - Goal by Anton Gustafsson - Monsters : 4 - Admirals : 6.
14:05 of 3rd period - Dominik Simon wins face-off versus Lucas Wallmark in neutral zone.
14:11 of 3rd period - Icing by Travis Dermott.
14:12 of 3rd period - Nicolas Kerdiles wins face-off versus Dominik Simon in Admirals zone.
14:14 of 3rd period - Icing by Travis Dermott.
14:15 of 3rd period - Scott Laughton wins face-off versus Dominik Simon in Admirals zone.
15:12 of 3rd period - Wrist shot by Scott Laughton.
15:12 of 3rd period - Shot Misses the Net.
15:45 of 3rd period - Wrist shot by Nicolas Kerdiles.
15:45 of 3rd period - Stopped by Thomas Greiss without a rebound.
15:46 of 3rd period - Markus Granlund wins face-off versus Ryan Fitzgerald in Monsters zone.
15:54 of 3rd period - Minor Penalty to Mat Clark for Hooking.
15:55 of 3rd period - Jared Knight wins face-off versus Nicolas Deslauriers in Admirals zone.
15:55 of 3rd period - Snap shot by Shea Theodore.
15:55 of 3rd period - Shot Misses the Net.
15:57 of 3rd period - Snap shot by Ondrej Kase.
15:57 of 3rd period - Shot Blocked by Josh Morrissey.
15:59 of 3rd period - Wrist shot by Jared Knight.
15:59 of 3rd period - Shot Misses the Net.
16:01 of 3rd period - Wrist shot by Matt Calvert.
16:01 of 3rd period - Deflect By Jared Knight.
16:01 of 3rd period - Stopped by Niklas Svedberg with a rebound.
17:54 of 3rd period - Penalty to Mat Clark is over, Mat Clark is back on ice.
18:04 of 3rd period - Icing by Carl Dahlstrom.
18:05 of 3rd period - Jared Knight wins face-off versus Lucas Wallmark in Admirals zone.
18:06 of 3rd period - Wrist shot by Mitch Marner.
18:06 of 3rd period - Stopped by Niklas Svedberg with a rebound.
18:08 of 3rd period - Backhand shot by Aaron Ness.
18:08 of 3rd period - Shot Blocked by Carl Dahlstrom.
18:30 of 3rd period - Hunter Shinkaruk is hit by David Kolomatis and loses puck.
18:59 of 3rd period - Anton Gustafsson is hit by Jared Knight and loses puck.
19:16 of 3rd period - Emerson Etem is hit by Freddie Hamilton and loses puck.
19:21 of 3rd period - Wrist shot by Nicolas Deslauriers.
19:21 of 3rd period - Stopped by Thomas Greiss without a rebound.
19:22 of 3rd period - Ryan Fitzgerald wins face-off versus Nicolas Deslauriers in Monsters zone.
19:38 of 3rd period - Slapshot by Roman Josi.
19:38 of 3rd period - Shot Blocked by Mat Clark.
Goals for this period are 1 for Monsters vs 3 for Admirals.
Shots for this period are 5 for Monsters vs 9 for Admirals.
Output by the SimonT Hockey Simulator (STHS) for Francois Prevost